 Seeded DCSS version 0.29.1-1-gd02db6906a (webtiles) character file.

Game seed: 9675395886110471672 (custom seed)

4 GigaChad the Covered (level 1, 0/20 HPs)
             Began as a Minotaur Fighter on Sept 21, 2022.
             Slain by a kobold
             ... wielding a +0 whip
              (5 damage)
             ... on level 1 of the Dungeon.
             The game lasted 00:00:07 (43 turns).

GigaChad the Covered (Minotaur Fighter)               Turns: 43, Time: 00:00:08

Health: 0/20       AC:  7    Str: 20    XL:     1   Next: 50%
Magic:  0/0        EV:  9    Int:  5    God:
Gold:   15         SH:  4    Dex:  9    Spells: 0/0 levels left

rFire   . . .      SeeInvis .   a - +0 long sword
rCold   . . .      Faith    .   c - +0 buckler
rNeg    . . .      Spirit   .   b - +0 scale mail
rPois   .          Reflect  .   (helmet restricted)
rElec   .          Harm     .   (no cloak)
rCorr   .          Rampage  .   (no gloves)
Will    .....                   (no boots)
Stlth   ..........              (no amulet)
HPRegen 0.06/turn               (no ring)
MPRegen 0.07/turn               (no ring)

@: no status effects
A: horns 2, retaliatory headbutt
a: no special abilities


You were on level 1 of the Dungeon.
You visited 1 branch of the dungeon, and saw 1 of its levels.

You collected 15 gold pieces.

Inventory:

Hand Weapons
 a - a +0 long sword (weapon)
Armour
 b - a +0 scale mail (worn)
 c - a +0 buckler (worn)
Scrolls
 f - a scroll of magic mapping {unknown}
Potions
 d - a potion of might
 e - a potion of mutation {unknown}


   Skills:
 + Level 3.7 Fighting
 + Level 2.4 Long Blades
 + Level 3.7 Armour
 + Level 3.7 Shields


You couldn't memorise any spells.
You didn't know any spells.
Your spell library was empty.

Dungeon Overview and Level Annotations

Branches:
Dungeon (1/15)

Altars:


Innate Abilities, Weirdness & Mutations

You have a pair of horns on your head.
You reflexively headbutt those who attack you in melee.


Message History

A hobgoblin and a goblin come into view.
The hobgoblin shouts!
The goblin shouts!
The quokka attacks as you move away! The quokka bites you.
The quokka attacks as you move away! The quokka bites you.
The quokka attacks as you move away!
The quokka bites you but does no damage.
A kobold comes into view. It is wielding a +0 whip.
The kobold shouts!
The kobold throws a stone.
The stone barely misses you.
You closely miss the quokka. The quokka barely misses you.
The hobgoblin barely misses you. You furiously retaliate!
You headbutt the hobgoblin.
You kill the hobgoblin!
The kobold throws a stone.
The stone hits you. You block the quokka's attack.
The quokka barely misses you.
You barely miss the quokka. You headbutt the quokka.
You kill the quokka!
The quokka barely misses you.
The kobold throws a stone.
The stone misses you.
The quokka bites you but does no damage.
You block the goblin's attack. The quokka bites you.
The quokka barely misses you. The goblin closely misses you.
You block the quokka's attack.
You barely miss the quokka. The goblin closely misses you.
The quokka bites you but does no damage.
You barely miss the quokka.
The quokka bites you but does no damage.
The goblin barely misses you. The quokka closely misses you.
You barely miss the quokka. Your headbutt misses the quokka.
The goblin hits you with a +0 dagger. The quokka bites you.
* * * LOW HITPOINT WARNING * * *
The goblin barely misses you. You furiously retaliate!
You headbutt the goblin.
You kill the goblin!
You hit the quokka. Your headbutt misses the quokka.
The quokka is severely wounded.
The quokka barely misses you.
The quokka bites you but does no damage.
You closely miss the quokka.
The quokka is severely wounded.
The kobold hits you with a +0 whip.
You die...

♣#♣K ..# .# ##...
#..# ..#
###..♣.♣...##..#
.............
#......$#.#
#.....#...# #
######.....†..# .
........Kr)##.# #.
.......#@....####
#.###.....###.##.....
#..#.......#....#####
#...............#
#.....<#^.....#.#
.##.....###.....#.#
..........#>.....#.#
#.#..............#.#
#.....#.......#..#.#


You could see a quokka and a kobold.

Vanquished Creatures
  A goblin (D:1)
  A hobgoblin (D:1)
  A quokka (D:1)
3 creatures vanquished.

Notes
Turn   | Place    | Note
-------+----------+-------------------------------------------
     0 | D:1      | GigaChad the Minotaur Fighter began the quest for the Orb.
     0 | D:1      | Reached XP level 1. HP: 19/19 MP: 0/0
    43 | D:1      | Slain by a kobold

Illustrated notes

Levels and vault maps discovered:
D:1:      minmay_arrival_five_plusses, layout_loops_ring, serial_forest,
          infiniplex_forest_pool, infiniplex_forest_straight_2,
          infiniplex_forest_straight_4, infiniplex_forest_lined_corner,
          infiniplex_forest_lined_4_way, infiniplex_forest_diagonal

Action                   || total
-------------------------++-------
Melee: Long sword        ||     7
       Headbutt          ||     1
Armor: Scale mail        ||     7
Dodge: Dodged            ||    16
Block: Buckler           ||     3
